 Dungeon Crawl Stone Soup version 0.31-a0-263-ge8cad7f256 (webtiles) character file.

Game seed: 13556243711873224373

28 qw the Shooter (level 2, -5/24 HPs)
             Began as a Minotaur Hexslinger on July 13, 2023.
             Slain by a worm (8 damage)
             ... on level 2 of the Dungeon.
             The game lasted 00:00:16 (1012 turns).

qw the Shooter (Minotaur Hexslinger)                Turns: 1012, Time: 00:00:17

Health: -5/24      AC:  2    Str: 12    XL:     2   Next: 96%
Magic:  2/2        EV: 12    Int: 10    God:
Gold:   45         SH:  0    Dex: 12    Spells: 2/3 levels left

rFire   . . .        Y - +1 sling
rCold   . . .        (no shield)
rNeg    . . .        c - +0 robe
rPois   .            (helmet restricted)
rElec   .            (no cloak)
rCorr   .            (no gloves)
SInv    .            (no boots)
Will    .....        (no amulet)
Stlth   +            (no ring)
HPRegen 0.24/turn    (no ring)
MPRegen 0.08/turn

%: no passive effects
@: about to teleport
A: horns 2, retaliatory headbutt
a: no special abilities


You were on level 2 of the Dungeon.
You visited 1 branch of the dungeon, and saw 2 of its levels.

You collected 45 gold pieces.


Innate Abilities, Weirdness & Mutations

You have a pair of horns on your head.
You reflexively headbutt those who attack you in melee.


   Skills:
 - Level 2.0 Fighting
 + Level 3.5 Ranged Weapons
 - Level 2.1 Dodging
 - Level 1.0 Spellcasting
 - Level 2.0 Hexes


You had 2 spell levels left.
You knew the following spells:

 Your Spells              Type           Power      Damage    Failure   Level
a - Slow                  Hex            16%        N/A       16%         1

Your spell library contained the following spells:

 Spells                   Type           Power      Damage    Failure   Level
 Inner Flame              Hex/Fire       2%         N/A       56%         3
 Portal Projectile        Hex/Tloc       4%         N/A       56%         3
 Cause Fear               Hex            2%         N/A       83%         4

Inventory:

Hand Weapons
 Y - a +1 sling (weapon)
Armour
 b - a +0 leather armour
 c - a +0 robe (worn)
Potions
 e - a potion of invisibility {unknown}
 g - a potion of magic {unknown}
 h - a potion of attraction {unknown}

Dungeon Overview and Level Annotations

Branches:
Dungeon (2/15)

Altars:

Shops:
D:1 (


Message History

Enter note: You shoot a sling bullet.
The sling bullet hits the endoplasm.
The endoplasm quivers.
The endoplasm is moderately wounded.
You shoot a sling bullet.
The sling bullet barely misses the endoplasm.
The endoplasm completely misses you.
You shoot a sling bullet. The sling bullet hits the endoplasm.
The endoplasm is almost dead.
The endoplasm completely misses you. You furiously retaliate!
You headbutt the endoplasm!
You kill the endoplasm!
You shoot a sling bullet. The sling bullet hits the worm.
The worm is lightly wounded.
The worm closely misses you.
You shoot a sling bullet. The sling bullet hits the worm.
The worm is moderately wounded.
You shoot a sling bullet.
The sling bullet hits the worm but does no damage.
The worm is moderately wounded.
You shoot a sling bullet. The sling bullet hits the worm.
The worm is heavily wounded.
The worm bites you.
You shoot a sling bullet.
The sling bullet barely misses the worm.
The worm bites you. The worm bites you!
1009 ||| READING scroll of teleportation.
As you read the scroll of teleportation, it crumbles to dust.
You feel strangely unstable.
You shoot a sling bullet.
The sling bullet barely misses the worm.
The worm bites you. The worm closely misses you.
You shoot a sling bullet. The sling bullet hits the worm.
The worm is heavily wounded.
The worm misses you. x2; You furiously retaliate!
You headbutt the worm. You shoot a sling bullet.
The sling bullet hits the worm but does no damage.
The worm is heavily wounded.
The worm barely misses you. The worm bites you!
You die...

.########
#.......####
...........#
#######.##.######
#.......#.. ..#
#.......#.# #.#
#.###.#.#.# #.##
#@# #.....# #..
......ww# ###.#.#
#.# ....#.###
#.#.#####.# ..
... ###.........#
#.#
..............##
#.
########.#.#....
# #>#......
#.###.##. #.#
#.##.


You could see 2 worms.

Vanquished Creatures
  6 endoplasms
  2 giant cockroaches
  3 hobgoblins (D:1)
  2 kobolds
  2 quokkas (D:1)
  2 ball pythons (D:1)
  3 bats (D:1)
  A frilled lizard (D:1)
  3 rats
24 creatures vanquished.

Notes
Turn   | Place    | Note
-------+----------+-------------------------------------------
     0 | D:1      | qw the Minotaur Hexslinger began the quest for the Orb.
     0 | D:1      | Reached XP level 1. HP: 16/16 MP: 1/1
     0 | D:1      | 0 ||| qw: Version: 0.3-a-52-g30416fa
     0 | D:1      | 0 ||| qw: Game counter: 7461
     0 | D:1      | 0 ||| qw: Melee chars always use a shield: true
     0 | D:1      | 0 ||| qw: God list: Okawaru
     0 | D:1      | 0 ||| qw: Allow faded altars: false
     0 | D:1      | 0 ||| qw: Do Orc after clearing Dungeon:15 true
     0 | D:1      | 0 ||| qw: Do second Lair branch before Depths: true
     0 | D:1      | 0 ||| qw: Lair rune preference: random
     0 | D:1      | 0 ||| qw: Goals: Normal
     0 | D:1      | 0 ||| PLANNING D:1-11
   339 | D:1      | Reached skill level 3 in Ranged Weapons
   348 | D:1      | Reached XP level 2. HP: 23/23 MP: 2/2
   742 | D:1      | Found Voacit's Antique Weapon Boutique.
   850 | D:1      | 850 ||| READING 2 scrolls labelled LUYTYM ILOOMN.
   853 | D:1      | 853 ||| READING scroll labelled MIXZIA UFECOO.
   854 | D:1      | 854 ||| DROPPING scroll of poison.
  1008 | D:2      | HP: 4/24 [worm (8)]
  1009 | D:2      | 1009 ||| READING scroll of teleportation.
  1012 | D:2      | Slain by a worm

Levels and vault maps discovered:
D:1:      denvon_arrival_planthouse, layout_basic, serial_curves,
          eino_curves_01, eino_curves_04, serial_shops,
          nicolae_shop_pleasant_corner_grove, minivault_27,
          chequers_decorated_corner, interstate_on_off
D:2:      layout_loops_ring, uniq_jessica

Skill      XL: |  1  2 |
---------------+-------+-----
Ranged Weapons | 3 |  3.5
Fighting       | 2 |  2.0
Dodging        | |  2.1
Spellcasting   | |  1.0
Hexes          | |  2.0

Action                     || total
---------------------------++-------
   Fire: Sling             ||    73
    Use: Scroll            ||     3
 Armour: Robe              ||     9
  Dodge: Dodged            ||    16

Table legend:
 A = Non-vault XP
 B = Vault XP
 C = Vault XP percentage of total XP
 D = Non-vault monster count
 E = Vault monster count
 F = Vault count percentage of total count
                 A         B        C        D         E       F
            +---------+---------+-------+---------+---------+-------
      Total |      40 |       0 |   0.0 |      24 |       0 |   0.0
            +---------+---------+-------+---------+---------+-------
        D:1 |      26 |       0 |   0.0 |      16 |       0 |   0.0
        D:2 |      14 |       0 |   0.0 |       8 |       0 |   0.0
            +---------+---------+-------+---------+---------+-------
